Map: Mist Opportunities

Players

biron

  • Race: Terran Terran

NamroodTuo

  • Race: Zerg Zerg

VOD

Have the link to the VOD?

Description

Time

  • Played on: April 4, 2023, 1:42 p.m.
  • Length: 30:06
Show
View Real Time Build Order
Export as new Build Order

biron Terran 

Build Orders:  

Get SALT Encoding   

  12  0:03  SCV  
  13  0:20  SCV  
  13  0:22  Refinery  
  14  0:37  SCV  
  14  0:39  Refinery  
  15  0:54  SCV  
  16  1:10  SCV  
  16  1:13  Engineering Bay  
  17  1:27  SCV  
  18  1:44  SCV  
  18  1:49  ITC-E Triggers  
  19  2:01  SCV  
  20  2:18  SCV, Muscle Armory  
  21  2:35  SCV  
  22  2:41  Engineering Bay  
  22  2:52  SCV  
  23  3:01  Tychus  
  23  3:09  SCV  
  24  3:17  Outlaw Weapons Level 1  
  24  3:19  Outlaw Life and Armor Level 1  
  24  3:26  SCV  
  25  3:43  SCV  
  26  4:09  SCV  
  27  4:26  SCV  
  27  4:29  Fixers Safehouse  
  28  4:34  Command Center  
  28  4:43  SCV  
  29  5:00  SCV  
  30  5:17  SCV  
  31  5:23  Endurance Supplements, Flashforce GDM Visor  
  31  5:34  SCV  
  32  5:48  Kev Rattlesnake West  
  42  5:51  SCV  
  43  6:03  Gunslingers Hideout  
  43  6:08  SCV  
  44  6:34  SCV x2  
  46  6:43  Refinery  
  46  6:45  Refinery  
  46  6:51  SCV x2  
  48  7:03  Outlaw Weapons Level 2  
  48  7:05  Outlaw Life and Armor Level 2  
  48  7:08  SCV x2  
  50  7:25  SCV x2  
  52  8:12  Nux  
  62  9:27  Outlaw Life and Armor Level 3, Outlaw Weapons Level 3  
  62  9:58  SCV x2  
  64  10:15  SCV x2  
  66  10:20  Kel-Morian Ripper Rounds  
  66  10:32  SCV x2  
  68  10:52  Moebius Aggression Blend  
  68  10:55  Ultrasonic Boosters  
  68  11:13  KD9a Implosion Core  
  68  11:53  Medivac Platform  
  68  11:54  Medivac Platform  
  68  11:57  Medivac Platform  
  68  12:12  Outlaw Life and Armor Level 4  
  68  14:41  Outlaw Weapons Level 4  
  68  14:43  Vanadium Shell  
  68  14:44  SureShot Networked Helmet  
  68  14:54  Umojan Signal Modulator  
  68  15:59  Outlaw Life and Armor Level 5  
  68  17:28  James Sirius Sykes  
  78  17:42  Hammer Munitions, Secret Stash Stimpack  
  78  17:48  T4 Cloudburst Shells  
  78  18:42  Outlaw Weapons Level 5  
  78  19:03  Crystalline Amplifiers  
  78  19:12  SCV  
  79  19:29  SCV  
  80  19:58  Auto-Turret x2  
  80  20:16  SA-55 Thunderbolt Missiles  
  80  20:17  Moebius M34 Terror Rounds  
  80  20:20  N3 Networking  
  80  20:25  Auto-Turret  
  80  20:26  Auto-Turret  
  80  20:52  Auto-Turret  
  80  20:55  Auto-Turret  
  80  21:21  Auto-Turret  
  80  21:26  Auto-Turret  
  80  21:51  Auto-Turret  
  80  21:54  Auto-Turret  
  80  22:20  Auto-Turret  
  80  22:22  Auto-Turret  
  80  22:50  Auto-Turret  
  80  22:51  Auto-Turret  
  80  23:19  Auto-Turret  
  80  23:21  Auto-Turret  
  80  23:49  Auto-Turret  
  80  23:50  Auto-Turret  
  80  24:16  Auto-Turret  
  80  24:22  Auto-Turret  
  80  24:34  D99 Detonator, Umojan Turret Frame  
  80  24:46  Auto-Turret  
  80  24:51  Auto-Turret  
  80  25:19  Auto-Turret  
  80  25:27  Auto-Turret  
  80  25:46  SCV  
  81  25:54  Auto-Turret  
  81  25:55  Auto-Turret  
  81  26:25  Auto-Turret  
  81  26:39  Auto-Turret  
  81  26:46  Auto-Turret  
  81  26:57  Auto-Turret  
  81  27:07  Auto-Turret  
  81  27:27  Auto-Turret  
  81  27:53  Auto-Turret  
  81  27:55  Auto-Turret  
  81  28:06  Auto-Turret  
  81  28:32  Auto-Turret  
  81  28:55  Auto-Turret  
  81  28:56  Auto-Turret  
  81  29:05  Auto-Turret  
  81  29:23  Auto-Turret  
  81  29:32  Auto-Turret  
  81  29:51  Auto-Turret  
Show
View Real Time Build Order
Export as new Build Order

NamroodTuo Zerg 

Build Orders:  

Get SALT Encoding   

  12  0:22  Infested Barracks  
  12  0:26  Infested SCV  
  13  0:43  Infested SCV  
  13  0:45  Infested SCV  
  15  0:51  Overlord  
  15  1:19  Infested SCV  
  16  1:23  Infestation Level 1  
  16  1:28  Infested SCV  
  17  1:37  Infested Refinery  
  17  1:39  Infested SCV  
  18  1:48  Infested SCV  
  19  1:54  Overlord  
  19  2:08  Infested SCV  
  20  2:10  Infested Refinery  
  20  2:21  Infested Engineering Bay  
  20  2:24  Infested SCV  
  21  2:32  Infested SCV  
  22  2:51  Infested SCV  
  23  3:23  Anaerobic Enhancement  
  23  3:26  Overlord  
  23  3:27  Infested SCV  
  24  3:31  Infested SCV  
  25  3:40  Infested Marine  
  25  3:41  Infested Marine x5  
  31  4:00  Infested Factory  
  31  4:07  Stukov Infantry Weapons Level 1  
  31  4:12  Infested SCV x2  
  33  4:21  Infested Barracks  
  37  5:21  Infested Bunker  
  37  5:22  Infested SCV x2  
  38  5:34  Overlord  
  33  5:40  Infested Command Center  
  33  5:56  Infested Barracks Tech Lab  
  33  6:09  Infestation Level 2  
  33  6:19  Infested SCV  
  34  6:23  Overlord  
  34  6:47  Stukov Infantry Armor Level 1  
  34  6:58  Retinal Augmentation  
  38  7:20  Infested Bunker  
  38  7:22  Infested SCV x2  
  38  7:28  Infested SCV  
  41  7:40  Infested Marine x3  
  41  7:41  Infested Marine x4  
  48  7:58  Plagued Munitions  
  48  8:02  Infested Armory  
  48  8:04  Infested SCV  
  49  8:15  Infested Marine  
  49  8:16  Infested Marine x10  
  60  8:29  Infested Marine  
  61  8:30  Infested Marine x4  
  61  8:34  Infested Marine  
  66  8:56  Infested Bunker  
  68  9:27  Stukov Infantry Weapons Level 2  
  66  9:34  Overlord  
  66  9:35  Overlord x4  
  66  9:36  Overlord  
  66  9:37  Infested SCV  
  66  9:38  Infested SCV  
  64  10:01  Aggressive Incubation  
  54  10:15  Infested SCV x2  
  54  10:19  Overseer  
  51  10:20  Overseer x2  
  51  10:23  Infested SCV  
  51  10:24  Infested SCV  
  51  10:26  Infested SCV x2  
  58  10:50  Infested Bunker  
  58  10:53  Infested SCV  
  59  11:08  Overseer  
  59  11:09  Overseer x3  
  59  11:40  Infestation Level 3  
  59  11:44  Infested Marine x5  
  64  12:02  Infested SCV  
  64  12:06  Infested SCV x3  
  68  12:11  Infested Refinery  
  68  12:15  Infested SCV, Infested Refinery  
  69  12:22  Infested Bunker  
  73  12:36  Stukov Infantry Armor Level 2  
  73  12:56  Infested Colonist Compound  
  73  12:59  Infested Bunker  
  72  13:40  Broodling Gestation  
  72  13:45  Infested Marine  
  72  13:46  Infested Marine x18  
  72  13:47  Infested Marine x5  
  96  13:55  Infested Bunker x2  
  104  14:01  Infested SCV  
  104  14:02  Infested SCV  
  106  14:11  Infested SCV x3  
  106  14:16  Overlord x2  
  106  14:17  Overlord  
  109  14:20  Infested Diamondback  
  112  14:33  Infested Marine  
  112  14:34  Infested Marine x8  
  112  14:39  Overlord x3  
  106  14:51  Infested Marine  
  106  14:52  Infested Marine x16  
  105  15:46  Calcified Armor  
  105  15:51  Infested Marine  
  105  15:52  Infested Marine x7  
  105  15:53  Infested Marine x20  
  133  16:07  Stukov Vehicle and Ship Weapons Level 1  
  132  16:11  Infested Diamondback x2  
  137  16:35  Infested Marine  
  137  16:36  Infested Marine x15  
  137  16:37  Infested Marine x5  
  158  16:46  Stukov Infantry Weapons Level 3  
  158  16:49  Infested Marine  
  144  16:50  Infested Marine x4  
  144  16:59  Infested Bunker  
  142  17:05  Infested Bunker  
  128  17:51  Infested Marine  
  128  17:52  Infested Marine x6  
  128  17:53  Infested Marine x18  
  153  18:12  Infested Marine  
  153  18:13  Infested Marine x7  
  161  18:20  Infested Marine  
  161  18:21  Infested Marine x2  
  161  18:22  Infested Marine  
  161  18:25  Infested Marine  
  161  18:27  Infested Marine  
  146  18:39  Infested Bunker  
  149  18:43  Infested Bunker  
  149  18:47  Stukov Vehicle and Ship Armor Level 1  
  115  20:12  Infested Marine  
  115  20:13  Infested Marine x7  
  115  20:14  Infested Marine x23  
  115  20:15  Infested Marine x9  
  150  20:26  Stukov Infantry Armor Level 3  
  158  20:32  Infested Bunker  
  158  20:37  Infested Bunker  
  158  21:02  Infested Marine  
  158  21:03  Infested Marine x6  
  158  21:04  Infested Marine  
  166  21:10  Overlord x4  
  166  21:11  Overlord x4  
  142  21:39  Infested Marine  
  138  21:40  Infested Marine x6  
  138  21:41  Infested Marine x19  
  152  22:14  Infested Bunker  
  152  22:18  Infested Bunker  
  160  22:22  Unknown  
  160  22:29  Infested Bunker  
  156  23:07  Infested Marine x9  
  156  23:08  Infested Marine x21  
  156  23:09  Infested Marine x2  
  188  23:19  Infested Bunker  
  196  23:23  Infested Bunker  
  196  23:28  Infested Bunker  
  174  24:06  Regenerative Plating  
  174  24:31  Infested Diamondback  
  174  24:32  Infested Diamondback x4  
  189  24:46  Infested Bunker  
  165  25:04  Infested Bunker  
  169  25:10  Infested Bunker  
  169  25:25  Infested Marine x3  
  169  25:26  Infested Marine x19  
  169  25:27  Infested Marine x9  
  169  29:17  Infested Marine  
  169  29:18  Infested Marine x11  
  169  29:19  Infested Marine x13  
Tags
 
Add a new tag
Caveats
  • Supply blocks, unpowered buildings, or Contaminate may cause inaccurate times.
  • Supply counts are checked every 10 seconds.